 Dungeon Crawl Stone Soup version 0.25.1-2-g60ff931df9 (webtiles) character file.

Game seed: 15573654178058939416

1671 raphialitos the Twirler (level 9, 0/69 HPs)
             Began as a Formicid Fighter on Oct 14, 2020.
             Was a Follower of Wu Jian.
             Killed from afar by an electric eel (8 damage)
             ... with a bolt of electricity
             ... on level 6 of the Dungeon.
             The game lasted 00:11:41 (4660 turns).

raphialitos the Twirler (Formicid Fighter)          Turns: 4660, Time: 00:11:42

Health: 0/69       AC: 16    Str: 22    XL:     9   Next: 21%
Magic:  9/9        EV: 10    Int: 11    God:    Wu Jian [*.....]
Gold:   295        SH: 11    Dex:  9    Spells: 8/8 levels left

rFire    + . .     SeeInvis +   a - +1 quarterstaff
rCold    + . .     Gourm    .   c - +0 kite shield
rNeg     . . .     Faith    .   k - +0 plate armour
rPois    .         Spirit   .   (helmet unavailable)
rElec    .         Reflect  .   h - scarf {rC+ rF+}
rCorr    .         Harm     .   (no gloves)
MR       .....                  (no boots)
Stlth    ..........             (no amulet)
HPRegen  0.21/turn              u - +4 ring of evasion
MPRegen  0.11/turn              o - +4 ring of protection

@: no status effects
A: permanent stasis, dig shafts and tunnels, four strong arms, antennae 3,
clever 1, clumsy 1
a: Dig, Shaft Self, Renounce Religion


You were on level 6 of the Dungeon.
You worshipped Wu Jian.
Wu Jian was aware of your devotion.
You were not hungry.

You visited 1 branch of the dungeon, and saw 6 of its levels.

You collected 295 gold pieces.

Inventory:

Hand Weapons
 a - a +1 quarterstaff (weapon)
 b - a +1 flail of venom
Missiles
 e - 62 arrows
 l - 13 sling bullets
 p - 25 bolts
 t - 6 poisoned darts (quivered)
 w - 5 boomerangs
 x - 8 atropa-tipped darts
Armour
 c - a +0 kite shield (worn)
 h - a scarf of resistance (worn)
 k - a +0 plate armour (worn)
Jewellery
 m - an uncursed ring of protection from cold
 o - a +4 ring of protection (right hand)
 u - a +4 ring of evasion (left hand)
Scrolls
 r - 6 scrolls of remove curse
 y - a scroll of magic mapping {unknown}
Potions
 d - a potion of might
 g - a potion of cancellation {unknown}
 j - 2 potions of brilliance
 n - 4 potions of flight
 s - 2 potions of lignification
 v - a potion of ambrosia
 z - a potion of invisibility {unknown}
 A - a potion of stabbing
Comestibles
 f - 10 rations


   Skills:
 + Level 5.7 Fighting
 + Level 7.7 Staves
 + Level 5.4 Armour
 + Level 1.0 Dodging
 + Level 0.4 Stealth
 + Level 7.6 Shields


You had 8 spell levels left.
You didn't know any spells.
Your spell library contained the following spells:

 Spells                   Type           Power        Failure   Level  Hunger
 Beastly Appendage        Tmut           #.....       100%        1    ##.....
 Sticks to Snakes         Tmut           #.......     100%        2    ###....
 Spider Form              Tmut/Pois      #.........   100%        3    ####...
 Ice Form                 Ice/Tmut       #.......     100%        4    #####..
 Blade Hands              Tmut           #.........   100%        5    ######.


Dungeon Overview and Level Annotations

Branches:
Dungeon (6/15)
 Temple: D:4-7

Altars:
Ashenzari
Cheibriados
Hepliaklqana
Qazlal
Vehumet
Wu Jian
Yredelemnul
Zin

Shops:
D:4 *


Innate Abilities, Weirdness & Mutations

You cannot be hasted, slowed, berserked, paralysed or teleported.
You can dig through walls and to a lower floor.
Your four strong arms can wield two-handed weapons with a shield.
You have a pair of large antennae on your head. (SInv)
Your mind is acute. (Int +2)
You are clumsy. (Dex -2)


Message History

The howler monkey hits you but does no damage.
You hit the howler monkey.
The howler monkey is heavily wounded.
The howler monkey hoots and howls with incredible vigour!
You block the howler monkey's attack.
You barely miss the howler monkey.
The howler monkey is heavily wounded.
You block the howler monkey's attack.
You closely miss the howler monkey.
The howler monkey is heavily wounded.
The howler monkey hits you but does no damage.
You sock the howler monkey!
The howler monkey is almost dead.
The howler monkey hits you but does no damage.
You hit the howler monkey.
You kill the howler monkey!
The Council accepts your kill.
The electric eel shoots out a bolt of lightning at you!
The bolt of electricity hits you!
You die...

#.#..PP≈≈P≈≈≈P
#.##.P≈P≈≈≈≈≈P
#.##.PP≈≈≈≈≈P≈
#.##.P≈≈≈PPP≈≈
#.##.≈;≈≈.P≈≈P
#.##.≈P.≈..PP≈ *
#.##..........
#.##..........
#..@†....#####
###.......#.# ,* ###
##.........##* *,
##.#####............#...,
#..##..#)......#........
#...#.........###.......
#...{...##.#....#...
...##
####......#####.......
,.... ######..........#
*#.....# *#...


You could see an electric eel.

Vanquished Creatures
  Pikel (D:6)
  Prince Ribbit (D:6)
  A phantom (D:6)
  A slave (D:6)
  A centaur (D:6)
  2 ogres
  A wyvern zombie (D:6)
  2 scorpions (D:4)
  A howler monkey (D:6)
  A crimson imp (D:6)
  A centaur zombie (D:5)
  A bullfrog zombie (D:6)
  A centaur skeleton (D:6)
  A hound (D:6)
  An orc priest (D:4)
  An iguana (D:4)
  2 orc wizards
  4 worker ants
  7 adders
  2 oozes
  An adder skeleton (D:6)
  3 worms
  4 leopard geckos
  11 orcs
  A ball python (D:3)
  6 bats
  A giant cockroach (D:2)
  6 goblins
  7 hobgoblins
  7 jackals
  5 kobolds
  A quokka (D:6)
  7 frilled lizards
  A leopard gecko skeleton (D:4)
  2 quokka skeletons (D:4)
  6 rats
102 creatures vanquished.

Notes
Turn   | Place    | Note
-------+----------+-------------------------------------------
     0 | D:1      | raphialitos the Formicid Fighter began the quest for the
                  | Orb.
     0 | D:1      | Reached XP level 1. HP: 18/18 MP: 1/1
   186 | D:1      | Reached XP level 2. HP: 20/24 MP: 2/2
   586 | D:1      | Reached XP level 3. HP: 24/30 MP: 3/3
  1216 | D:2      | Found a glowing silver altar of Zin.
  1419 | D:2      | Reached XP level 4. HP: 37/37 MP: 4/4
  1921 | D:3      | Found a shattered altar of Ashenzari.
  1933 | D:3      | Reached XP level 5. HP: 41/42 MP: 5/5
  1942 | D:3      | Found a basalt altar of Yredelemnul.
  2320 | D:3      | Found a radiant altar of Vehumet.
  2320 | D:3      | Found a hazy altar of Hepliaklqana.
  2325 | D:3      | Found an ornate altar of the Wu Jian Council.
  2329 | D:3      | Became a worshipper of the Wu Jian Council
  2598 | D:4      | Found Riypawat's Retail Resort.
  2610 | D:4      | Reached XP level 6. HP: 49/49 MP: 6/6
  2626 | D:4      | Reached skill level 5 in Shields
  2646 | D:4      | Noticed an ogre
  2662 | D:4      | Killed an ogre
  2824 | D:4      | Reached XP level 7. HP: 48/55 MP: 7/7
  3097 | D:4      | Reached skill level 5 in Staves
  3152 | D:4      | Gained mutation: You are clumsy. (Dex -2) [potion of
                  | mutation]
  3152 | D:4      | Gained mutation: You passively map a small area around you.
                  | [potion of mutation]
  3152 | D:4      | Gained mutation: You are resistant to hostile enchantments.
                  | (MR+) [potion of mutation]
  3160 | D:5      | Entered Level 5 of the Dungeon
  3217 | D:5      | Reached * piety under Wu Jian
  3861 | D:6      | Reached XP level 8. HP: 61/61 MP: 8/8
  3875 | D:6      | Reached skill level 5 in Fighting
  4286 | D:6      | Found a stormy altar of Qazlal.
  4293 | D:6      | Found a snail-covered altar of Cheibriados.
  4333 | D:6      | Noticed Prince Ribbit
  4416 | D:6      | Killed Prince Ribbit
  4556 | D:6      | Noticed Pikel
  4571 | D:6      | Killed Pikel
  4571 | D:6      | Reached skill level 5 in Armour
  4571 | D:6      | Reached skill level 1 in Dodging
  4571 | D:6      | Reached XP level 9. HP: 64/69 MP: 9/9
  4577 | D:6      | Lost mutation: You are clumsy. (Dex -2) [potion of
                  | mutation]
  4577 | D:6      | Lost mutation: You are resistant to hostile enchantments.
                  | (MR+) [potion of mutation]
  4577 | D:6      | Lost mutation: You passively map a small area around you.
                  | [potion of mutation]
  4577 | D:6      | Gained mutation: You are clumsy. (Dex -2) [potion of
                  | mutation]
  4577 | D:6      | Gained mutation: Your mind is acute. (Int +2) [potion of
                  | mutation]
  4640 | D:6      | HP: 3/69 [electric eel/bolt of electricity (12)]
  4648 | D:6      | HP: 3/69 [howler monkey (2)]
  4649 | D:6      | HP: 1/69 [howler monkey (2)]
  4660 | D:6      | Killed from afar by an electric eel

Illustrated notes

Levels and vault maps discovered:
D:1:      minmay_arrival_semitransparent, layout_basic
D:2:      layout_rooms, zin_academy
D:3:      layout_rooms, yredelemnul_altar_generic, minitemple,
          lemuel_crystal_altar
D:4:      layout_rooms, first_ration, nicolae_alphabet_shops
D:5:      layout_cave_pools
D:6:      layout_cave_pools, amethyst_overflow_temple_binary, serial_bayou,
          serial_bayou_shore_a, serial_bayou_pond_b, serial_bayou_pond_c,
          serial_bayou_pond_d, uniq_pikel, uniq_prince_ribbit1

Skill      XL: |  1  2  3  4  5  6  7  8 |
---------------+-------------------------+-----
Shields        | 4 5 6 7 |  7.6
Fighting       | 4 5 |  5.7
Staves         | 3 4 5 7 |  7.7
Armour         | 4 5 |  5.4
Dodging        | 1 |  1.0
Stealth        | |  0.4

Action                   |  1- 3 |  4- 6 |  7- 9 || total
-------------------------+-------+-------+-------++-------
Melee: Quarterstaff      |    98 |   161 |   232 ||   491
Invok: Lunge             |       |     3 |    10 ||    13
       Whirlwind         |       |       |     6 ||     6
  Use: Scroll            |     4 |     5 |     4 ||    13
       Potion            |       |       |     5 ||     5
  Eat: Chunk             |     2 |     4 |     7 ||    13
Armor: Scale mail        |    40 |       |       ||    40
       Plate armour      |    26 |   123 |    78 ||   227
Dodge: Dodged            |    37 |    36 |    81 ||   154
Block: Kite shield       |    61 |   109 |   108 ||   278
